 Dungeon Crawl Stone Soup version 0.29.1-15-g9cfb28693d (webtiles) character file.

Game seed: 7896212792790996628

59 hawla the Chiller (level 4, 0/33 HPs)
             Began as a Meteoran Ice Elementalist on Apr 12, 2023.
             Slain by a phantom (4 damage)
             ... on level 4 of the Dungeon.
             The game lasted 00:03:26 (470 turns).

hawla the Chiller (Meteoran Ice Elementalist)        Turns: 470, Time: 00:03:26

Health: 0/33       AC:  2    Str: 10    XL:     4   Next: 46%
Magic:  3/10       EV: 13    Int: 18    God:
Gold:   63         SH:  5    Dex: 20    Spells: 2/10 levels left

rFire   . . .      SeeInvis .   (no weapon)
rCold   . . .      Faith    .   (no shield)
rNeg    . . .      Spirit   .   a - +0 robe
rPois   .          Reflect  +   (no helmet)
rElec   .          Harm     .   (no cloak)
rCorr   .          Rampage  .   (no gloves)
Will    .....                   (no boots)
Stlth   +.........              g - amulet of reflection
HPRegen 0.11/turn               e - +6 ring of dexterity
MPRegen 0.12/turn               (no ring)

@: glowing
A: sense surroundings 1, otherworldly, glowing, explore regen
a: no special abilities


You were on level 4 of the Dungeon.
You visited 1 branch of the dungeon, and saw 4 of its levels.

You collected 63 gold pieces.

Inventory:

Armour
 a - a +0 robe (worn)
Jewellery
 e - a +6 ring of dexterity (left hand)
 g - an amulet of reflection (around neck)
 i - an amulet of the acrobat
Scrolls
 b - 2 scrolls of identify
 d - a scroll of brand weapon
Potions
 f - a potion of brilliance
 h - a potion of curing


   Skills:
 - Level 0.2 Fighting
 - Level 2.6 Dodging
 - Level 1.4 Stealth
 - Level 3.6 Spellcasting
 - Level 5.4 Ice Magic


You had 2 spell levels left.
You knew the following spells:

 Your Spells              Type           Power      Damage    Failure   Level
a - Freeze                Ice            88%        1d10      1%          1
b - Frozen Ramparts       Ice            44%        1d7       4%          3
c - Hailstorm             Conj/Ice       13%        3d5       45%         4

Your spell library contained the following spells:

 Spells                   Type           Power      Damage    Failure   Level
 Ozocubu's Armour         Ice            22%        N/A       4%          3


Dungeon Overview and Level Annotations

Branches:
Dungeon (4/15) Zot: 1931   Temple (0/1) D:4

Altars:
Xom


Innate Abilities, Weirdness & Mutations

You passively map a small area around you.
You are easily found by Zot.
You glow in the dark.
You regain HP and MP as you explore.


Message History

Unknown command.
You hit the phantom but do no damage.
The phantom is lightly damaged.
The phantom completely resists.
The wall freezes the phantom but does no damage.
The phantom closely misses you.
You hit the phantom but do no damage.
The phantom is lightly damaged.
The phantom resists.
The wall freezes the phantom.
The phantom barely misses you.
You hit the phantom but do no damage.
The phantom is lightly damaged.
The phantom resists.
The wall freezes the phantom.
The phantom hits you.
The phantom blinks!
You blink.
The frozen ramparts melt away as you move.
Okay, then.
The phantom attacks as you move away! The phantom hits you.
The phantom attacks as you move away! The phantom hits you.
A gnoll comes into view. It is wielding a +0 spear.
The gnoll shouts!
The phantom hits you.
Your magical contamination has completely faded away.
The phantom attacks as you move away! The phantom hits you.
A gnoll comes into view. It is wielding a +0 flail.
The gnoll shouts!
An orc comes into view. It is wielding a +0 hand axe.
A gnoll comes into view. It is wielding a +0 spear.
The orc shouts!
The gnoll shouts!
The phantom hits you. The phantom attacks as you move away!
The phantom hits you.
* * * LOW HITPOINT WARNING * * *
The gnoll closely misses you.
Unknown command.
The phantom attacks as you move away! The phantom completely misses you.
The phantom attacks as you move away! The phantom hits you.
* * * LOW HITPOINT WARNING * * *
The phantom attacks as you move away! The phantom barely misses you.
The phantom attacks as you move away! The phantom completely misses you.
The phantom attacks as you move away! The phantom hits you.
You die...

* ############. ,
####............ ** **
#.......######## ,
.....##.##.# * ###
#.##.######## ,
#.##........######.###
#.##.@................
#.###W###.#..##.## #.#
#.# #g###.##.##.## #.#
#.# #.##.†.......###.#
#.###o...............#
*
#.....g#..⌠...⌠..###.#
#####..#.........# #.#
#.......>........#
#..#.........##..#


You could see a phantom, 2 gnolls and an orc.

Vanquished Creatures
  2 adders
  A worm (D:2)
  2 dart slugs
  2 orcs (D:3)
  A ball python (D:1)
  2 bats (D:1)
  2 endoplasms
  A goblin (D:2)
  2 hobgoblins
  5 jackals (D:1)
  2 kobolds (D:3)
  3 quokkas
  2 frilled lizards
  3 rats
30 creatures vanquished.

Notes
Turn   | Place    | Note
-------+----------+-------------------------------------------
     0 | D:1      | hawla the Meteoran Ice Elementalist began the quest for the
                  | Orb.
     0 | D:1      | Reached XP level 1. HP: 14/14 MP: 5/5
   104 | D:1      | Reached XP level 2. HP: 20/20 MP: 3/6
   137 | D:1      | Reached XP level 3. HP: 23/26 MP: 0/8
   146 | D:2      | Reached skill level 5 in Ice Magic
   265 | D:2      | Learned a level 3 spell: Frozen Ramparts
   290 | D:2      | Found a shimmering altar of Xom.
   379 | D:3      | Reached XP level 4. HP: 27/33 MP: 6/10
   406 | D:3      | You fall into a shaft and drop 1 floor!
   424 | D:4      | Found a staircase to the Ecumenical Temple.
   438 | D:4      | Noticed a phantom
   449 | D:4      | Learned a level 4 spell: Hailstorm
   470 | D:4      | Slain by a phantom

Illustrated notes

Levels and vault maps discovered:
D:1:      evilmike_arrival_crescent, layout_loops_ring,
          chequers_ecumenical_altar_simple
D:2:      layout_rooms, serial_co_window_serial, co_window_paths_b,
          co_window_cross_1, co_window_corner_a, co_window_paths_a,
          co_window_paths_b, co_window_paths_b, co_window_corner_a,
          co_window_unsneaky_path_d, co_window_cross_4,
          co_window_of_opportunity_b, co_window_broadway_c, glass_columns_a,
          glass_columns_c, glass_columns_b, glass_columns_b, basic_altar,
          chequers_avenue
D:3:      layout_basic, minitemple, st_stairs_3
D:4:      layout_loops_ring, mainiacjoe_overflow_surrounded_room,
          chequers_temple_overflow_statue_of_worship,
          minmay_temple_entry_large_hall, serial_shops, nicolae_stop_n_shop_2,
          minmay_fountain_box, solitary_fountain, uniq_grinder

Skill      XL: |  1  2  3 |
---------------+----------+-----
Spellcasting   | 3 |  3.6
Ice Magic      | 5 |  5.4
Fighting       | |  0.2
Dodging        | |  2.6
Stealth        | |  1.4

Action                   |  1- 3 |  4- 6 || total
-------------------------+-------+-------++-------
Melee: Unarmed           |    16 |     3 ||    19
       Punch             |     1 |       ||     1
 Cast: Freeze            |    30 |     6 ||    36
       Frozen Ramparts   |     4 |     2 ||     6
  Use: Potion            |     1 |       ||     1
       Scroll            |     4 |     3 ||     7
Armor: Robe              |    11 |       ||    11
Dodge: Dodged            |    13 |    10 ||    23
Block: Other             |     1 |     2 ||     3
       Reflection        |       |     1 ||     1
